 Dungeon Crawl Stone Soup version 0.30.0 (webtiles) character file.

Game seed: 17179374728500419061

669 LUNTH the Covered (level 7, -2/61 HPs)
             Began as a Minotaur Fighter on Nov 9, 2023.
             Slain by a two-headed ogre
             ... wielding a +0 giant club
              (26 damage)
             ... on level 5 of the Dungeon.
             The game lasted 00:16:26 (3731 turns).

LUNTH the Covered (Minotaur Fighter)                Turns: 3731, Time: 00:16:27

Health: -2/61      AC: 13    Str: 28    XL:     7   Next: 32%
Magic:  6/6        EV: 10    Int:  5    God:
Gold:   234        SH:  4    Dex: 10    Spells: 6/6 levels left

rFire   . . .        e - +1 whip (venom)
rCold   . . .        c - +0 buckler
rNeg    . . .        b - +0 scale mail
rPois   .            (helmet restricted)
rElec   .            (no cloak)
rCorr   .            x - +0 pair of gloves
SInv    .            (no boots)
Will    .....        (no amulet) Stlth
                     k - +6 ring of strength
HPRegen 0.30/turn    j - +4 ring of protection
MPRegen 0.10/turn

%: no passive effects
@: no status effects
A: horns 2, retaliatory headbutt
a: no special abilities


You were on level 5 of the Dungeon.
You visited 1 branch of the dungeon, and saw 5 of its levels.

You collected 234 gold pieces.

Inventory:

Hand Weapons
 e - a +1 whip of venom (weapon)
 E - a +2 dagger of venom
Missiles
 g - 26 stones (quivered)
Armour
 b - a +0 scale mail (worn)
 c - a +0 buckler (worn)
 s - a +2 animal skin
 x - a +0 pair of gloves (worn)
Jewellery
 d - a +6 ring of intelligence
 j - a +4 ring of protection (right hand)
 k - a +6 ring of strength (left hand)
 p - a ring of resist corrosion
 q - a +5 ring of evasion
 C - a ring of fire
Wands
 v - a wand of flame (30)
 y - a wand of digging (5)
 A - a wand of roots (10)
Scrolls
 a - a scroll of brand weapon {unknown}
 i - a scroll of silence {unknown}
 n - a scroll of blinking {unknown}
 o - 3 scrolls of identify {unknown}
 r - 2 scrolls of noise {unknown}
 u - a scroll of immolation {unknown}
 z - a scroll of fear {unknown}
 B - a scroll of magic mapping {unknown}
Potions
 f - a potion of heal wounds {unknown}
 h - 3 potions of curing
 l - a potion of cancellation {unknown}
 m - a potion of attraction {unknown}
 t - a potion of brilliance {unknown}
 w - a potion of haste {unknown}
 D - a potion of flight {unknown}
 F - a potion of berserk rage {unknown}


   Skills:
 + Level 5.4 Fighting
 * Level 6.3 Maces & Flails
 + Level 6.7 Armour
 - Level 1.5 Dodging
 - Level 0.9 Stealth
 - Level 3.8 Shields


You had 6 spell levels left.
You didn't know any spells.
Your spell library contained the following spells:

 Spells                   Type           Power      Damage    Failure   Level
 Apportation              Tloc           0%         N/A       77%         1
 Necrotise                Necr           0%         1d4       77%         1
 Summon Small Mammal      Summ           0%         N/A       77%         1
 Ensorcelled Hibernation  Hex/Ice        0%         N/A       88%         2
 Spider Form              Tmut/Pois      0%         N/A       98%         3
 Anguish                  Hex/Necr       0%         N/A       100%        4


Dungeon Overview and Level Annotations

Branches:
Dungeon (5/15)
 Temple: D:4-7

Altars:
Ru


Innate Abilities, Weirdness & Mutations

You have a pair of horns on your head.
You reflexively headbutt those who attack you in melee.


Message History

Dowan hits you but does no damage.
You barely miss Dowan.
Dowan is moderately wounded.
Dowan hits you but does no damage.
You whack Dowan!
Dowan looks as sick as possible!
Dowan is severely wounded.
Dowan says, "Magic will overcome all!"
Dowan gestures wildly while chanting.
Dowan blinks!
Dowan hits you but does no damage.
You hit Dowan.
Dowan looks as sick as possible!
You headbutt Dowan.
You kill Dowan!
F - a red potion
Things that are here:
a +0 dagger; a +0 robe
Things that are here:
a +0 short sword; a +0 leather armour; the elf corpse of Duvessa
There is a stone staircase leading down here.
You climb downwards.
There is a stone staircase leading up here.
HP restored.
A two-headed ogre comes into view. It is wielding two +0 giant clubs.
Found a sacrificial altar of Ru.
The two-headed ogre shouts in stereo!
You barely miss the two-headed ogre.
The two-headed ogre barely misses you. x2
You hit the two-headed ogre.
The two-headed ogre is poisoned.
You headbutt the two-headed ogre.
The two-headed ogre is lightly wounded.
You hit the two-headed ogre.
The two-headed ogre looks as sick as possible!
The two-headed ogre is moderately wounded.
The two-headed ogre hits you with a +0 giant club!!
The two-headed ogre hits you with a +0 giant club.
You whack the two-headed ogre!
The two-headed ogre is heavily wounded.
The two-headed ogre hits you with a +0 giant club.
The two-headed ogre barely misses you.
You barely miss the two-headed ogre. You headbutt the two-headed ogre.
The two-headed ogre is severely wounded.
The two-headed ogre hits you with a +0 giant club!! x2
You die...

#.####.#######.#
#....#.#######.#
#..#...........#
##.##.###########
#............ #.###.#######
######.#.. #.# #...
#......._.
#.##################.####.#..
#..............@O...........
####################.#######
#.# #.# #.# #.# #.# #..


You could see a two-headed ogre (very poisoned).

Vanquished Creatures
  Sigmund (D:3)
  Duvessa (D:4)
  2 phantoms (D:4)
  Dowan (D:4)
  An iguana (D:4)
  Terence (D:2)
  Robin (D:2)
  3 gnolls
  6 adders
  A worm (D:3)
  3 orcs
  5 ball pythons
  4 endoplasms
  5 giant cockroaches
  15 goblins
  6 hobgoblins
  2 quokkas
  5 bats
  2 frilled lizards (D:1)
  6 kobolds
  6 rats
77 creatures vanquished.

Notes
Turn   | Place    | Note
-------+----------+-------------------------------------------
     0 | D:1      | LUNTH the Minotaur Fighter began the quest for the Orb.
     0 | D:1      | Reached XP level 1. HP: 19/19 MP: 0/0
     8 | D:1      | Noticed a snapping turtle
     8 | D:1      | Noticed a rime drake
     9 | D:1      | Noticed a killer bee
     9 | D:1      | Noticed a black bear
   172 | D:1      | Reached XP level 2. HP: 27/27 MP: 1/1
   239 | D:1      | Found a faded altar of an unknown god.
   675 | D:2      | Reached XP level 3. HP: 33/33 MP: 2/2
  1109 | D:2      | Noticed Terence
  1115 | D:2      | Killed Terence
  1116 | D:2      | Reached XP level 4. HP: 41/41 MP: 3/3
  1258 | D:2      | Noticed Robin
  1281 | D:2      | Killed Robin
  1836 | D:3      | Noticed Sigmund
  1848 | D:3      | Killed Sigmund
  1849 | D:3      | Reached skill level 5 in Fighting
  1849 | D:3      | Reached skill level 5 in Armour
  1849 | D:3      | Reached skill level 1 in Dodging
  1849 | D:3      | Reached XP level 5. HP: 47/48 MP: 4/4
  1849 | D:3      | Reached XP level 6. HP: 55/56 MP: 5/5
  2671 | D:4      | Reached skill level 5 in Maces & Flails
  3341 | D:4      | Reached XP level 7. HP: 59/61 MP: 6/6
  3625 | D:5      | Entered Level 5 of the Dungeon
  3625 | D:5      | Noticed Duvessa
  3625 | D:5      | Noticed Dowan
  3638 | D:4      | Killed Duvessa
  3642 | D:4      | Killed Dowan
  3715 | D:5      | Found a sacrificial altar of Ru.
  3715 | D:5      | Noticed a two-headed ogre
  3731 | D:5      | Slain by a two-headed ogre

Illustrated notes

Levels and vault maps discovered:
D:1:      onia_arrival_zoo_common, layout_basic,
          dreamdust_ecumenical_altar_grove, st_stairs_14, dk_noncrumbling_4,
          kennysheep_flooded_box, kennysheep_decorative_pillar, chequers_jeans
D:2:      layout_basic, uniq_robin, uniq_terence
D:3:      layout_basic, uniq_sigmund
D:4:      layout_layer_cave, dreamdust_princess_corridor
D:5:      layout_basic, mainiacjoe_overflow_tiny_flanked, xom_butterflies,
          hangedman_feature_mirror, skrybe_limestone_x, uniq_blork_the_orc,
          uniq_grinder, uniq_duvessa

Skill      XL: |  1  2  3  4  5  6  7 |
---------------+----------------------+-----
Fighting       | 4 5 |  5.4
Armour         | 4 5 6 |  6.7
Maces & Flails | 3 4 5 6 |  6.3
Dodging        | 1 |  1.5
Stealth        | |  0.9
Shields        | |  3.8

Action                     |  1- 3 |  4- 6 |  7- 9 || total
---------------------------+-------+-------+-------++-------
  Melee: Flail             |    47 |       |       ||    47
         Headbutt          |     3 |    16 |     4 ||    23
         Whip              |    20 |   115 |    18 ||   153
    Use: Potion            |     2 |     1 |       ||     3
 Armour: Scale mail        |    28 |    39 |     8 ||    75
         Skin              |     1 |       |       ||     1
  Dodge: Dodged            |    37 |    40 |     8 ||    85
  Block: Buckler           |    17 |    13 |     1 ||    31
